 Seeded DCSS version 0.30-a0-424-g7412bad402 (webtiles) character file.

Game seed: 2672040522805985899 (custom seed)

601 innerfire433 the Cutter (level 7, 0/55 HPs)
             Began as a Demonspawn Monk on Dec 10, 2022.
             Was an Initiate of Yredelemnul.
             Killed from afar by a gnoll (16 damage)
             ... with a bolt of light
             ... on level 4 of the Dungeon.
             The game lasted 00:07:03 (2800 turns).

innerfire433 the Cutter (Demonspawn Monk)           Turns: 2800, Time: 00:07:04

Health: 0/55       AC:  6    Str: 13    XL:     7   Next: 18%
Magic:  7/7        EV: 13    Int: 11    God:    Yredelemnul [......]
Gold:   198        SH:  0    Dex: 16    Spells: 6/6 levels left

rFire   . . .      SeeInvis +    l - +10 dagger "Buwuc" {venom, rC+}
rCold   + . .      Faith    .    (no shield)
rNeg    + . .      Spirit   .    m - +1 ring mail {rN+}
rPois   .          Reflect  .    (no helmet)
rElec   .          Harm     .    (no cloak)
rCorr   +          Rampage  .    (no gloves)
Will    .....                    (no boots)
Stlth   +.........               (no amulet)
HPRegen 0.29/turn                e - ring of see invisible
MPRegen 0.10/turn                j - ring of resist corrosion

@: confused, ambrosia-drunk, studying Fighting
A: sturdy frame 2, demonic magic 1
a: Renounce Religion, Recall Undead Harvest


You were on level 4 of the Dungeon.
You worshipped Yredelemnul.
Yredelemnul was noncommittal.
You visited 1 branch of the dungeon, and saw 4 of its levels.

You collected 198 gold pieces.

Inventory:

Hand Weapons
 a - a +0 short sword
 l - the +10 dagger "Buwuc" (weapon) {venom, rC+}
   (You found it on level 2 of the Dungeon)

   It poisons the flesh of those it strikes.
   rC:        It protects you from cold.
Armour
 b - a +0 robe
 h - a +0 plate armour
 m - a +1 ring mail of positive energy (worn)
 o - a scarf of harm
Jewellery
 e - a ring of see invisible (left hand)
 j - a ring of resist corrosion (right hand)
Wands
 s - a wand of polymorph (8)
Scrolls
 f - 3 scrolls of identify {unknown}
 i - 2 scrolls of enchant armour {unknown}
 k - 2 scrolls of teleportation {unknown}
 n - a scroll of silence {unknown}
 p - a scroll of immolation {unknown}
 q - a scroll of brand weapon {unknown}
 r - a scroll of torment {unknown}
Potions
 d - a potion of flight {unknown}


   Skills:
 + Level 4.7 Fighting
 * Level 5.1 Short Blades
 + Level 3.0 Armour
 + Level 4.0 Dodging
 - Level 1.9 Stealth


You had 6 spell levels left.
You didn't know any spells.
Your spell library contained the following spells:

 Spells                   Type           Power      Damage    Failure   Level
 Ignite Poison            Fire/Tmut/Pois 0%         N/A       75%         3
 Sticky Flame             Conj/Fire      0%         2d3       98%         4
 Ignition                 Fire           0%         3d3       100%        8


Dungeon Overview and Level Annotations

Branches:
Dungeon (4/15)
 Temple: D:4-7

Altars:
Ru
Sif Muna
Yredelemnul


Innate Abilities, Weirdness & Mutations

Your movements are less encumbered by armour. (ER -4)
Spells you cast may paralyse adjacent enemies.


Message History

Beogh smites you!
* * * LOW HITPOINT WARNING * * *
You are too injured to fight recklessly!
You feel much better.
The orc priest calls down the wrath of Beogh upon you.
Beogh smites you!
The gnoll zaps a wand.
The bolt of light hits the orc priest!!
The orc priest dies!
The bolt of light hits your ogre zombie!!
Your ogre zombie is destroyed!
The bolt of light hits you!
* * * LOW HITPOINT WARNING * * *
The dead are walking!
You feel much better.
The gnoll zaps a wand.
The bolt of light hits your orc priest zombie!
Your orc priest zombie is blinded.
The bolt of light hits you!
The gnoll hits your orc priest zombie with a +0 spear.
The gnoll zaps a wand.
The bolt of light hits your orc priest zombie!!
Your orc priest zombie is destroyed!
The bolt of light hits you!
You are confused.
* * * LOW HITPOINT WARNING * * *
You see here a +0 giant club.
You bump into the stone wall.
You bump into the stone wall.
The gnoll barely misses you.
You're too confused to move!
You feel less confused.
The gnoll hits you from afar with a +0 spear.
* * * LOW HITPOINT WARNING * * *
You are confused.
You feel invigorated.
The gnoll hits you from afar with a +0 spear.
* * * LOW HITPOINT WARNING * * *
You bump into the stone wall.
The gnoll zaps a wand.
The bolt of light hits you!
You are more confused.
You die...
Your body rises from the dead as a mindless zombie.

####..### #.......
##..# #....... #.Z#####
#....... #####.Z#.Z.###
#..<....
#........#Z..###).#####
#.#....#.#.#.#.).##
#.##....###..#)###
#.#######.##...#
#wlgg.@.....##..# ..#
#o#######.##....#
....B##.# ### .##.#
#..ogoZ# .. ..
#...ggoZ...... ..# .#
.....ww#....... ..#
.##..#. .###### ###
....## .# #... .#


You could see a worm, an iguana, 2 gnolls and an orc.

Vanquished Creatures
  Sigmund (D:2)
  An ogre (D:4)
  A centaur (D:4)
  2 hounds
  Ijyb (D:4)
  A gnoll (D:4)
  2 adders
  6 worms
  A dart slug (D:1)
  12 orcs
  4 bats
  4 endoplasms
  4 giant cockroaches
  4 goblins
  2 hobgoblins
  8 jackals
  A quokka (D:2)
  6 ball pythons
  4 frilled lizards
  4 kobolds
  5 rats
74 creatures vanquished.

Vanquished Creatures (collateral kills)
  A necrophage (D:4)
1 creature vanquished.

Vanquished Creatures (others)
  An orc priest (D:4)
  An ogre zombie (D:4)
  A hound zombie (D:4)
  An adder zombie (D:4)
  A jackal zombie (D:4)
  A kobold zombie (D:4)
  5 orc zombies
11 creatures vanquished.

Grand Total: 86 creatures vanquished

Notes
Turn   | Place    | Note
-------+----------+-------------------------------------------
     0 | D:1      | innerfire433 the Demonspawn Monk began the quest for the
                  | Orb.
     0 | D:1      | Reached XP level 1. HP: 18/18 MP: 1/1
   126 | D:1      | Gained mutation: Your movements are slightly less
                  | encumbered by armour. (ER -2) [demonic ancestry]
   126 | D:1      | Reached XP level 2. HP: 22/24 MP: 2/2
   251 | D:1      | Reached skill level 3 in Short Blades
   708 | D:2      | Reached skill level 1 in Armour
   851 | D:2      | Gained mutation: Your movements are less encumbered by
                  | armour. (ER -4) [demonic ancestry]
   851 | D:2      | Reached XP level 3. HP: 29/29 MP: 3/3
   993 | D:2      | Identified the +10 dagger "Buwuc" {venom, rC+}
  1269 | D:2      | Found a faded altar of an unknown god.
  1309 | D:2      | Prayed at the altar of an unknown god.
  1309 | D:2      | Became a worshipper of Yredelemnul the Dark
  1309 | D:2      | Reached * piety under Yredelemnul
  1309 | D:2      | Reached ** piety under Yredelemnul
  1337 | D:2      | Noticed Sigmund
  1345 | D:2      | Killed Sigmund
  1346 | D:2      | Reached skill level 4 in Short Blades
  1346 | D:2      | Reached XP level 4. HP: 34/37 MP: 4/4
  1346 | D:2      | Gained mutation: Spells you cast may paralyse adjacent
                  | enemies. [demonic ancestry]
  1346 | D:2      | Reached XP level 5. HP: 38/42 MP: 5/5
  1443 | D:2      | Identified the +0 helmet of Beogh's Regard {Rampage rElec
                  | Int+2 Dex+6}
  1677 | D:3      | Found a faded altar of an unknown god.
  1994 | D:3      | Found a shimmering blue altar of Sif Muna.
  2090 | D:3      | Found a sacrificial altar of Ru.
  2155 | D:3      | Reached XP level 6. HP: 41/48 MP: 6/6
  2588 | D:4      | Noticed Ijyb
  2600 | D:4      | Killed Ijyb
  2660 | D:4      | Reached skill level 5 in Short Blades
  2660 | D:4      | Reached XP level 7. HP: 31/55 MP: 7/7
  2800 | D:4      | Killed from afar by a gnoll

Illustrated notes

Levels and vault maps discovered:
D:1:      psy_arrival_radial02, layout_rooms
D:2:      layout_basic, ebering_ecumenical_altar_mist, grunt_decor_clamped,
          uniq_sigmund
D:3:      layout_basic, nicolae_overflow_ecumenical_swirl,
          mainiacjoe_overflow_large_starburst
D:4:      layout_rooms, grunt_temple_overflow_growth_and_decay,
          minmay_temple_entry_ruins, minmay_manual_monstrance, uniq_ijyb

Skill      XL: |  1  2  3  4  5  6  7 |
---------------+----------------------+-----
Short Blades   | 3 4 5 |  5.1
Armour         | 1 2 3 |  3.0
Dodging        | 3 4 |  4.0
Fighting       | 4 |  4.7
Stealth        | |  1.9

Action                   |  1- 3 |  4- 6 |  7- 9 || total
-------------------------+-------+-------+-------++-------
Melee: Short sword       |   129 |       |       ||   129
       Dagger            |    22 |    81 |    19 ||   122
       Punch             |     1 |     1 |       ||     2
  Use: Potion            |       |       |     4 ||     4
 Stab: Sleeping          |     3 |     3 |       ||     6
       Distracted        |     1 |       |       ||     1
Armor: Robe              |    13 |       |       ||    13
       Plate armour      |    33 |       |       ||    33
       Ring mail         |       |    17 |     8 ||    25
       Skin              |       |     4 |       ||     4
Dodge: Dodged            |    46 |    30 |    17 ||    93

Table legend: (Time is in decaauts)
 A = Elapsed time spent in this place.
 B = Non-inter-level travel time spent in this place.
 C = Inter-level travel time spent in this place.
 D = Time resting spent in this place.
 E = Time spent auto-exploring this place.
 F = Levels seen in this place.
 G = Mean time per level.
                   A        B        C        D        E       F      G
               +--------+--------+--------+--------+--------+-----+--------+
         Total |   2753 |   2620 |    133 |      0 |   1937 |   4 |  688.2 |
       Dungeon |   2753 |   2620 |    133 |      0 |   1937 |   4 |  688.2 |
               +--------+--------+--------+--------+--------+-----+--------+

Top non-repeatable levels by time:
     D:2: 858 daAuts
     D:3: 837 daAuts
     D:1: 693 daAuts
     D:4: 362 daAuts
